 Dungeon Crawl Stone Soup version 0.25-a0-279-g53730b6a6f (webtiles) character file.

Game seed: 18218393387048970747, levelgen mode: deterministic

59747 MrRokkomies the Slinger (level 14, -26/77 HPs)
             Began as a Spriggan Venom Mage on Dec 10, 2019.
             Was an Initiate of Gozag.
             Killed from afar by Jorgrun (64 damage)
             ... with an iron shot
             ... on level 2 of the Orcish Mines.
             The game lasted 02:00:49 (26731 turns).

MrRokkomies the Slinger (Spriggan Venom Mage)      Turns: 26731, Time: 02:00:49

Health: -26/77     AC: 13    Str: 10    XL:     14   Next: 54%
Magic:  2/22       EV: 14    Int: 25    God:    Gozag
Gold:   4142       SH:  0    Dex: 16    Spells: 7/23 levels left

rFire    + + .     SeeInvis +   b - +3 hunting sling (flame)
rCold    + + +     Gourm    +   (shield restricted)
rNeg     . . .     Faith    .   I - +1 ice dragon scales
rPois    +         Spirit   .   (helmet restricted)
rElec    .         Reflect  .   y - scarf {rC+ rF+}
rCorr    .         Harm     .   (gloves unavailable)
MR       ++...                  (boots unavailable)
Stlth    +.........             K - amulet "Uduin" {Gourm rF+ rC+ Int+5}
HPRegen  0.22/turn              J - ring of Suspicion {rF+ Str+2}
MPRegen  0.18/turn              x - ring of Waosemig {+Blink rPois Int+2}

@: grasped by roots, very slightly contaminated, constricted, very quick
A: very small, unfitting armour, see invisible, herbivore, speed 3, slow
metabolism 2
a: Potion Petition, Call Merchant, Bribe Branch, Renounce Religion, Evoke Blink


You were on level 2 of the Orcish Mines.
You worshipped Gozag.
Gozag was most pleased with you.
You were not hungry.

You visited 4 branches of the dungeon, and saw 18 of its levels.
You also visited: Bailey and Volcano.

You collected 6702 gold pieces.
You spent 1861 gold pieces at shops.
You paid 699 gold pieces to Gozag.

Inventory:

Hand Weapons
 a - a +1 whip of electrocution
 b - a +3 hunting sling of flaming (weapon)
 d - a +2 scimitar of flaming
Missiles
 g - 236 stones (quivered)
 s - 78 sling bullets
Armour
 y - a scarf of resistance (worn)
 C - a scarf of cloud immunity
 I - +1 ice dragon scales (worn)
 N - a +1 troll leather armour
Magical Staves
 w - an uncursed staff of energy
 S - an uncursed staff of poison
 U - an uncursed staff of fire
Jewellery
 x - the ring of Waosemig (right hand) {+Blink rPois Int+2}
   (You bought it in a shop on level 9 of the Dungeon)

   [ring of intelligence]

   It affects your intelligence (+2).
   It protects you from poison.
   It lets you blink.
 B - an uncursed ring of flight
 J - the ring of Suspicion (left hand) {rF+ Str+2}
   (You bought it in a shop on level 9 of the Dungeon)

   [ring of strength]

   It affects your strength (+2).
   It protects you from fire.
 K - the amulet "Uduin" (around neck) {Gourm rF+ rC+ Int+5}
   (You bought it in a shop on level 9 of the Dungeon)

   [amulet of the gourmand]

   It allows you to eat raw meat even when not hungry.
   It affects your intelligence (+5).
   It protects you from fire.
   It protects you from cold.
 L - the ring of Nuysuxup {MR+ rCorr}
   (You bought it in a shop on level 9 of the Dungeon)

   [ring of resist corrosion]

   It affects your resistance to hostile enchantments.
   It provides partial protection from all sources of acid and corrosion.
Wands
 t - a wand of scattershot (12)
 A - a wand of iceblast (8)
 F - a wand of acid (7)
 H - a wand of flame (1)
Scrolls
 j - 3 scrolls of immolation
 m - 2 scrolls of fog
 p - 4 scrolls of remove curse
 q - 7 scrolls of teleportation
Potions
 e - 3 potions of agility
 h - 6 potions of might
 i - 5 potions of lignification
 l - 4 potions of brilliance
 n - 4 potions of berserk rage
 r - 5 potions of curing
 v - 2 potions of heal wounds
 z - 3 potions of flight
 G - 3 potions of ambrosia
 M - 2 potions of cancellation
 P - a potion of invisibility {unknown}
 Q - a potion of magic {unknown}
 R - a potion of resistance {unknown}
Comestibles
 c - 14 rations


   Skills:
 - Level 10.0 Fighting
 - Level 12.0 Slings
 - Level 9.0 Armour
 - Level 8.0 Dodging
 - Level 5.0 Stealth
   Level 6.4 Shields
 - Level 5.3 Spellcasting
 - Level 5.0 Hexes
 - Level 6.0 Transmutations
 + Level 3.3 Fire Magic
 + Level 5.4 Air Magic
 * Level 10.1 Poison Magic
 + Level 3.6 Evocations


You had 7 spell levels left.
You knew the following spells:

 Your Spells              Type           Power        Failure   Level  Hunger
a - Sting                 Tmut/Pois      ####         1%          1    None
b - Poisonous Vapours     Pois/Air       #####.       3%          2    None
c - Mephitic Cloud        Conj/Pois/Air  ####....     21%         3    #......
d - Ignite Poison         Fire/Tmut/Pois #####...     12%         3    #......
e - Olgreb's Toxic Radia  Pois           ######..     9%          4    ###....
f - Inner Flame           Hex/Fire       ####....     28%         3    #......

Your spell library contained the following spells:

 Spells                   Type           Power        Failure   Level  Hunger
 Beastly Appendage        Tmut           #####.       4%          1    None
 Spider Form              Tmut/Pois      #####.....   6%          3    #......
 Sticks to Snakes         Tmut           #####...     7%          2    None
 Foxfire                  Conj/Fire      ###.         26%         1    None
 Freeze                   Ice            #...         50%         1    None
 Portal Projectile        Hex/Tloc       ###...       52%         3    #......
 Conjure Flame            Conj/Fire      ###.....     63%         3    #......
 Blade Hands              Tmut           #####.....   77%         5    #####..
 Ice Form                 Ice/Tmut       ###.....     83%         4    ###....
 Gell's Gravitas          Tloc           #.........   86%         3    #......
 Ozocubu's Armour         Chrm/Ice       #.......     86%         3    #......
 Leda's Liquefaction      Hex/Erth       ###.......   89%         4    ###....
 Sticky Flame             Conj/Fire      ###.....     95%         4    ###....
 Hailstorm                Conj/Ice       #.......     99%         4    ###....
 Summon Ice Beast         Ice/Summ       #.......     99%         4    ###....
 Bolt of Magma            Conj/Fire/Erth ##........   100%        5    #####..
 Fireball                 Conj/Fire      ###.......   100%        5    #####..
 Dispersal                Tloc           #.........   100%        6    ######.
 Iron Shot                Conj/Erth      #.........   100%        6    ######.
 Statue Form              Tmut/Erth      ###......    100%        6    ######.
 Controlled Blink         Tloc           N/A          100%        8    #######
 Disjunction              Tloc           #.........   100%        8    #######
 Shatter                  Erth           #.........   100%        9    #######


Dungeon Overview and Level Annotations

Branches:
Dungeon (9/15)             Temple (1/1) D:6            Lair (6/6) D:9
  Swamp (0/4) Lair:4       Spider (0/4) Lair:2        Slime (0/5) Lair:5
    Orc (2/2) D:9             Elf (0/3) Orc:2        Bailey (visited)
Volcano (visited)

Altars:
Ashenzari
Cheibriados
Dithmenos
Elyvilon
Fedhas
Gozag
Hepliaklqana
Kikubaaqudgha
Makhleb
Nemelex Xobeh
Okawaru
Qazlal
Ru
Sif Muna
Trog
Uskayaw
Vehumet
Wu Jian
Xom
Yredelemnul
Zin
The Shining One
Beogh
Jiyva

Shops:
D:9 =   Orc:2 =(*[

Annotations:
D:4 exclusion: oklob plant
Lair:1 exclusion: oklob plant
Lair:6 3 runed translucent doors, Kagalorn's ghost, journeyman MiHu
Orc:2 Jorgrun


Innate Abilities, Weirdness & Mutations

You are very small and have problems with some larger weapons.
You are too small for most types of armour.
You have supernaturally acute eyesight. (SInv)
You are a herbivore.
You cover ground extremely quickly.
You need to consume almost no food.


Message History

Firing (i - inventory. (/) - cycle)
g - 237 stones (quivered)
Press: ? - help, Shift-Dir - straight line, f/p - Jorgrun
Aim: Jorgrun, wielding a +0 quarterstaff of crushing and wearing a +2 robe of cold resistance (severely wounded)
You shoot a stone. The stone hits Jorgrun.
The stone burns Jorgrun.
Jorgrun is severely wounded.
Jorgrun gestures at you while chanting.
Roots burst forth from the earth!
The grasping roots grab you! The grasping roots constrict you!
You escape the roots' grasp.
Jorgrun gestures at you while chanting.
Roots burst forth from the earth!
The grasping roots grab you! The grasping roots constrict you!
The roots' grasp on you weakens, but your attempt to escape fails.
Jorgrun gestures at you while chanting. The iron shot hits you!!!
Ouch! That really hurt!
You die...
Your body crumbles into a pile of gold.

*** ####*################
****,**####.#.##.#..#.#.##.#.#.
**,*,,,,#.#.....................
*,,,,,,,........................
**,,,,,,........................
*,,,,,,.......................#
**,,,,,.......................#
*,,,,,,#..#......g.............
**,,,,,.<.....@...(.#..........
****,*#.#..........#..........
**,...................#.#..
*,,....................##..
**,###..................#..
*,,,*##...#.........#......
**,** ##..........#.###.##. ***
#........#....######
#....#.......###


You could see Jorgrun.

Vanquished Creatures
  2 orc warlords
  A stone giant (Volcano)
  An ettin (Orc:2)
  Fannar (Lair:3)
  A merfolk avatar (Lair:6)
  3 hydras
  2 two-headed ogres
  6 death yaks (Lair:4)
  Nergalle (Orc:2)
  An orc high priest (Orc:2)
  A sea snake (Lair:6)
  7 orc knights
  3 orc sorcerers
  A lindwurm (Orc:2)
  3 manticores
  2 cyclopes
  6 black mambas
  11 elephants (Lair:6)
  2 molten gargoyles (Volcano)
  13 spiny frogs
  3 rime drakes
  A gargoyle (Volcano)
  13 komodo dragons
  An efreet (Volcano)
  A troll (D:9)
  A polar bear (Lair:5)
  Prince Ribbit (Lair:3)
  16 blink frogs
  A dream sheep (Lair:5)
  5 hippogriffs
  5 wyverns
  A redback (Lair:2)
  2 basilisks (Lair:1)
  37 yaks
  A fire elemental (Lair:1)
  2 fire bats (Volcano)
  A hungry ghost (D:8)
  3 wargs
  5 porcupines
  10 water moccasins
  35 orc warriors
  A sky beast (D:9)
  2 ice beasts
  15 ogres
  A black bear (D:9)
  A phantom (D:4)
  A necrophage (D:9)
  3 wolves (Lair:3)
  2 centaurs
  18 crocodiles
  A wyvern zombie (D:8)
  A big kobold (D:8)
  11 bullfrogs
  3 earth elementals (Volcano)
  A scorpion (D:6)
  9 killer bees
  2 jellies (D:9)
  3 wights (D:7)
  4 howler monkeys
  9 electric eels
  7 lava snakes
  4 crimson imps
  4 hounds
  A centaur skeleton (D:4)
  17 orc priests
  A gnoll shaman (D:8)
  A bullfrog skeleton (D:7)
  2 iguanas (D:4)
  2 hell rats (Lair:2)
  20 orc wizards
  6 worker ants
  A hound zombie (D:5)
  A hound skeleton (D:4)
  28 gnolls
  7 river rats (Lair:2)
  11 adders
  2 shadow imps
  A white imp (D:4)
  2 oozes
  2 adder skeletons
  An adder zombie (D:7)
  2 worms
  3 dart slugs
  5 leopard geckos
  98 orcs
  A ball python (D:1)
  7 bats
  7 giant cockroaches
  25 goblins
  16 hobgoblins
  8 jackals
  5 quokkas
  2 frilled lizards
  2 goblin zombies (D:4)
  3 hobgoblin zombies (D:4)
  15 kobolds
  A kobold skeleton (D:4)
  2 kobold zombies (D:4)
  2 orc skeletons (D:4)
  10 rats
636 creatures vanquished.

Vanquished Creatures (others)
  A bush (Lair:3)
  8 fungi
  13 plants
22 creatures vanquished.

Grand Total: 658 creatures vanquished

Notes
Turn   | Place    | Note
-------+----------+-------------------------------------------
     0 | D:1      | MrRokkomies the Spriggan Venom Mage began the quest for the
                  | Orb.
     0 | D:1      | Reached XP level 1. HP: 9/9 MP: 5/5
     2 | D:1      | Noticed a troll
     2 | D:1      | Noticed a halfling
     4 | D:1      | Noticed a dwarf
     4 | D:1      | Noticed a demigod
     8 | D:1      | Noticed a draconian
     8 | D:1      | Noticed a felid
    10 | D:1      | Noticed a ghoul
    12 | D:1      | Noticed a merfolk
    12 | D:1      | Noticed a formicid
    14 | D:1      | Noticed a tengu
    16 | D:1      | Noticed a human
    16 | D:1      | Noticed a minotaur
    18 | D:1      | Noticed an elf
    18 | D:1      | Noticed a vampire
    20 | D:1      | Noticed a gargoyle
    20 | D:1      | Noticed a centaur
    22 | D:1      | Noticed a naga
    22 | D:1      | Noticed a spriggan
    24 | D:1      | Noticed a demonspawn
    24 | D:1      | Noticed an ogre
    26 | D:1      | Noticed a vine stalker
    26 | D:1      | Noticed an octopode
   114 | D:1      | Reached XP level 2. HP: 4/13 MP: 0/6
   639 | D:1      | Reached XP level 3. HP: 11/16 MP: 8/8
   864 | D:2      | Learned a level 2 spell: Poisonous Vapours
   868 | D:2      | Learned a level 3 spell: Mephitic Cloud
  1670 | D:2      | Reached XP level 4. HP: 21/21 MP: 6/9
  2587 | D:4      | Reached XP level 5. HP: 24/24 MP: 1/10
  2714 | D:4      | Reached skill level 1 in Slings
  2714 | D:4      | Reached skill level 5 in Stealth
  2714 | D:4      | Reached XP level 6. HP: 28/28 MP: 6/11
  3079 | D:4      | Reached skill level 2 in Slings
  3079 | D:4      | Reached skill level 5 in Dodging
  3079 | D:4      | Reached skill level 5 in Poison Magic
  3544 | D:4      | Reached XP level 7. HP: 24/32 MP: 12/12
  3930 | D:4      | Found a blossoming altar of Fedhas.
  3948 | D:4      | Noticed an oklob plant
  4086 | D:4      | Found a glowing golden altar of the Shining One.
  4514 | D:5      | Entered Level 5 of the Dungeon
  4613 | D:5      | Found a shattered altar of Ashenzari.
  4669 | D:5      | Learned a level 3 spell: Ignite Poison
  4680 | D:5      | Reached skill level 3 in Slings
  5057 | D:5      | Found a snail-covered altar of Cheibriados.
  5954 | D:6      | Reached skill level 4 in Slings
  5958 | D:6      | You fall into a shaft and drop 1 floor!
  6019 | D:6      | Found a basalt altar of Yredelemnul.
  6079 | D:6      | Found an ornate altar of the Wu Jian Council.
  6094 | D:6      | Found a staircase to the Ecumenical Temple.
  6153 | Temple   | Entered the Ecumenical Temple
  6397 | D:6      | Found an opulent altar of Gozag.
  6402 | D:6      | Became a worshipper of Gozag Ym Sagoz the Greedy
  6854 | D:6      | Found a shimmering altar of Xom.
  7033 | D:7      | Reached XP level 8. HP: 36/36 MP: 11/13
  7459 | D:7      | Reached skill level 5 in Slings
  7492 | D:7      | Found a white marble altar of Elyvilon.
  8504 | D:8      | Reached skill level 1 in Air Magic
  8608 | D:7      | Learned a level 4 spell: Olgreb's Toxic Radiance
  8852 | D:8      | Reached XP level 9. HP: 27/39 MP: 7/15
  9000 | D:8      | Reached skill level 6 in Slings
  9220 | D:8      | Reached skill level 1 in Fighting
  9261 | D:8      | Noticed a two-headed ogre
  9283 | D:8      | Killed a two-headed ogre
  9283 | D:8      | Reached skill level 7 in Slings
  9283 | D:8      | Reached skill level 1 in Shields
  9283 | D:8      | Reached skill level 5 in Spellcasting
 10118 | D:8      | Reached XP level 10. HP: 49/49 MP: 11/18
 10185 | D:8      | Found a radiant altar of Vehumet.
 10188 | D:8      | Found a burning altar of Makhleb.
 10534 | D:9      | Found a staircase to the Lair.
 10625 | D:9      | Found a staircase to the Orcish Mines.
 10796 | D:9      | Found a roughly hewn altar of Beogh.
 10972 | D:9      | Reached skill level 8 in Slings
 11427 | D:9      | Noticed a two-headed ogre
 11471 | D:9      | Killed a two-headed ogre
 11471 | D:9      | Reached skill level 5 in Fighting
 11807 | Orc:1    | Entered Level 1 of the Orcish Mines
 12055 | Orc:1    | Found a roughly hewn altar of Beogh.
 12063 | Orc:1    | Found a flagged portal.
 12076 | Bailey   | Entered a bailey
 12278 | Bailey   | Reached XP level 11. HP: 54/55 MP: 14/19
 12390 | Bailey   | Noticed an orc knight
 12491 | Bailey   | Killed an orc knight
 12491 | Bailey   | Reached skill level 9 in Slings
 12491 | Bailey   | Reached skill level 5 in Shields
 12749 | Bailey   | Noticed an orc knight
 12751 | Bailey   | Noticed an orc warlord
 12758 | Bailey   | Killed an orc knight
 12758 | Bailey   | Killed an orc warlord
 13067 | Bailey   | Learned a level 3 spell: Inner Flame
 13141 | Orc:1    | Noticed an orc knight
 13147 | Orc:1    | Noticed an orc knight
 13215 | Orc:1    | Killed an orc knight
 13215 | Orc:1    | Reached skill level 1 in Hexes
 13365 | Orc:1    | Killed an orc knight
 13877 | Orc:1    | Noticed an orc sorcerer
 13882 | Orc:1    | Killed an orc sorcerer
 13899 | Orc:1    | Noticed an orc sorcerer
 14044 | D:9      | Bought the ring of Waosemig {+Blink rPois Int+2} for 334
                  | gold pieces
 14044 | D:9      | Bought the ring of Suspicion {rF+ Str+2} for 279 gold
                  | pieces
 14044 | D:9      | Bought the amulet "Uduin" {Gourm rF+ rC+ Int+5} for 799
                  | gold pieces
 14044 | D:9      | Bought the ring of Nuysuxup {MR+ rCorr} for 423 gold pieces
 14104 | Lair:1   | Entered Level 1 of the Lair of Beasts
 14242 | Lair:1   | Reached skill level 1 in Armour
 14493 | Lair:1   | Noticed an oklob plant
 14524 | Lair:1   | Identified 2 scrolls of acquirement
 14748 | Lair:1   | Reached XP level 12. HP: 36/63 MP: 7/20
 15752 | Lair:2   | Reached skill level 5 in Armour
 15927 | Lair:2   | Found a hole to the Spider Nest.
 16250 | Lair:3   | Noticed Prince Ribbit
 16257 | Lair:3   | Killed Prince Ribbit
 16662 | Lair:3   | Noticed a seven-headed hydra
 16699 | Lair:3   | Killed a seven-headed hydra
 16940 | Lair:3   | Noticed Fannar
 16964 | Lair:3   | Killed Fannar
 17210 | Lair:3   | Noticed an eight-headed hydra
 17232 | Lair:3   | Reached skill level 10 in Slings
 17243 | Lair:3   | Killed an eight-headed hydra
 17579 | Lair:4   | Noticed a death yak
 17588 | Lair:4   | Killed a death yak
 17590 | Lair:4   | Noticed a death yak
 17596 | Lair:4   | Noticed a death yak
 17597 | Lair:4   | Noticed a death yak
 17598 | Lair:4   | Noticed a death yak
 17603 | Lair:4   | Noticed a death yak
 17607 | Lair:4   | Killed a death yak
 17607 | Lair:4   | Killed a death yak
 17607 | Lair:4   | Reached skill level 1 in Fire Magic
 17607 | Lair:4   | Killed a death yak
 17607 | Lair:4   | Reached XP level 13. HP: 66/68 MP: 2/21
 18137 | Lair:4   | Found a staircase to the Swamp.
 19275 | Lair:5   | Found a viscous altar of Jiyva.
 19279 | Lair:5   | Found a staircase to the Slime Pits.
 19398 | Lair:5   | Reached skill level 5 in Hexes
 19939 | Lair:6   | Entered Level 6 of the Lair of Beasts
 20218 | Lair:6   | Reached skill level 11 in Slings
 21691 | Lair:6   | Reached XP level 14. HP: 58/76 MP: 19/22
 22168 | Lair:6   | Found a runed translucent gate.
 22170 | Lair:6   | Found a runed translucent gate.
 22171 | Lair:6   | Found a runed translucent gate.
 22192 | Lair:6   | Noticed Kagalorn's ghost (journeyman MiHu)
 22661 | Orc:1    | Reached skill level 10 in Fighting
 23083 | Orc:2    | Entered Level 2 of the Orcish Mines
 23083 | Orc:2    | Found a staircase to the Elven Halls.
 23086 | Orc:2    | Found a roughly hewn altar of Beogh.
 23153 | Orc:2    | Found a dark tunnel.
 23192 | Volcano  | Entered a volcano
 23312 | Volcano  | Reached skill level 1 in Evocations
 23753 | Volcano  | Found a bloodstained altar of Trog.
 23916 | Volcano  | Reached skill level 5 in Transmutations
 24128 | Volcano  | Noticed a stone giant
 24144 | Volcano  | Killed a stone giant
 24923 | Orc:2    | Reached skill level 5 in Air Magic
 25030 | Orc:2    | Noticed Nergalle
 25038 | Orc:2    | Killed Nergalle
 25692 | Orc:2    | Found a roughly hewn altar of Beogh.
 25705 | Orc:2    | Reached skill level 12 in Slings
 25711 | Orc:2    | Noticed an orc warlord
 25993 | Orc:2    | Killed an orc warlord
 25993 | Orc:2    | Reached skill level 10 in Poison Magic
 26388 | Orc:2    | Found Dicuen's Antique Weapon Boutique.
 26439 | Orc:2    | Found Delergh's Jewellery Boutique.
 26470 | Orc:2    | Found Loaculuff's General Store.
 26480 | Orc:2    | Bought a scroll of identify for 26 gold pieces
 26586 | Orc:2    | Found Goblyroy's Antique Armour Boutique.
 26689 | Orc:2    | Noticed Jorgrun
 26731 | Orc:2    | Killed from afar by Jorgrun

Levels and vault maps discovered:
D:1:      kb_arrival_jail, layout_rooms
D:2:      layout_loops_corners
D:3:      layout_rooms, minmay_misc_feat_alley
D:4:      layout_basic, nicolae_tso_besieged_by_evil, first_ration, tgw_fedhas
D:5:      layout_basic, slow_altar_1, ashenzari_conservatory_becter,
          solitary_fountain
D:6:      layout_layer_cave, kennysheep_mini_moat, kennysheep_little_box,
          lemuel_crystal_altar, minmay_temple_entry_sparse_star, basic_altar,
          minmay_misc_feat_more_columns, minmay_holes
D:7:      layout_basic, elyvilon_altar_5, nrook_mini_backslash
D:8:      layout_loops_corners, grunt_temple_overflow_lords_of_destruction,
          grunt_pizzeria
D:9:      layout_basic, dpeg_oklobed_lair, minmay_orc_entry_temple_small
Temple:   nicolae_temple_figure_eight
Lair:1:   layout_gridlike, minmay_lair_oklob_bushes, st_stairs_8
Lair:2:   layout_hall_layers, spider_nest_entry_webs, fungi_pond_lemuel,
          hangedman_lair_unloving_vines, kennysheep_rathole
Lair:3:   layout_regular_city, serial_bayou_shore_a, grunt_megastairs_3,
          lemuel_fruit_fields, uniq_fannar, uniq_prince_ribbit2
Lair:4:   layout_cave_pods, minmay_swamp_entry_eels
Lair:5:   layout_roguey, slime_altar_1, nzn_random_ring,
          infiniplex_staircase_pool
Lair:6:   gammafunk_lair_ancient_temple, layout_misc_corridors,
          gammafunk_ghost_hydra_chop, chequers_serial_rivers_micro_d,
          nicolae_quartered_pool_super, infiniplex_staircase_pool_2
Orc:1:    layout_caves, enter_bailey_4, basic_altar, nicolae_orc_damp_corner
Orc:2:    grunt_orc_cross, layout_caves, basic_altar,
          nicolae_volcano_entry_vermiform, uniq_jorgrun

Skill      XL: |  1  2  3  4  5  6  7  8  9 10 11 12 13 14 |
---------------+-------------------------------------------+-----
Transmutations | 2 3 4 6 |  6.0
Stealth        | 4 5 |  5.0
Dodging        | 4 5 6 8 |  8.0
Poison Magic   | 4 5 6 8 10 | 10.1
Slings         | 1 2 4 5 7 8 9 10 11 12 | 12.0
Spellcasting   | 3 5 |  5.3
Air Magic      | 2 4 5 |  5.4
Fighting       | 3 5 7 8 9 10 | 10.0
Shields        | 2 4 6 |  6.4
Hexes          | 2 3 5 |  5.0
Armour         | 3 7 9 |  9.0
Fire Magic     | 1 3 |  3.3
Evocations     | 3 |  3.6

Action                   |  1- 3 |  4- 6 |  7- 9 | 10-12 | 13-15 || total
-------------------------+-------+-------+-------+-------+-------++-------
Melee: Short sword       |    18 |       |       |       |       ||    18
       Whip              |    60 |   110 |   202 |   183 |   155 ||   710
       Staff             |       |       |       |       |     9 ||     9
 Fire: Hunting sling     |       |    39 |   197 |   606 |   759 ||  1601
Throw: Stone             |       |       |     1 |     2 |     5 ||     8
 Cast: Sting             |    20 |     9 |    30 |    24 |    14 ||    97
       Poisonous Vapours |       |    19 |    24 |    30 |    90 ||   163
       Mephitic Cloud    |       |       |     9 |    11 |    13 ||    33
       Ignite Poison     |       |       |     8 |    19 |    45 ||    72
       Olgreb's Toxic Ra |       |       |     4 |    24 |    24 ||    52
       Inner Flame       |       |       |       |     1 |     3 ||     4
Invok: Call Merchant     |       |       |       |     1 |       ||     1
Evoke: Wand              |       |     1 |       |     2 |    17 ||    20
  Use: Scroll            |       |     9 |     9 |    14 |     4 ||    36
       Potion            |       |     1 |       |     3 |     4 ||     8
 Stab: Sleeping          |     3 |     5 |     6 |       |       ||    14
       Distracted        |       |     1 |       |     3 |     7 ||    11
       Confused          |       |       |       |     1 |       ||     1
  Eat: Ration            |       |     1 |     5 |     7 |     4 ||    17
Armor: Robe              |    15 |     9 |    17 |    17 |       ||    58
       Troll leather arm |       |       |       |     8 |    36 ||    44
       Ice dragon scales |       |       |       |       |    16 ||    16
Dodge: Dodged            |    99 |   103 |   200 |   238 |   381 ||  1021
Block: Buckler           |       |       |    13 |    71 |       ||    84

Table legend:
 A = Non-vault XP
 B = Vault XP
 C = Vault XP percentage of total XP
 D = Non-vault monster count
 E = Vault monster count
 F = Vault count percentage of total count
                 A         B        C        D         E       F
            +---------+---------+-------+---------+---------+-------
      Total |   51363 |   33990 |  39.8 |     428 |     208 |  32.7
            +---------+---------+-------+---------+---------+-------
        D:1 |      41 |       0 |   0.0 |      19 |       0 |   0.0
        D:2 |      62 |       0 |   0.0 |      20 |       0 |   0.0
        D:3 |      87 |       0 |   0.0 |      18 |       0 |   0.0
        D:4 |     659 |      20 |   2.9 |      34 |      11 |  24.4
        D:5 |     108 |       5 |   4.4 |       6 |       1 |  14.3
        D:6 |     402 |       0 |   0.0 |      14 |       0 |   0.0
        D:7 |     984 |       0 |   0.0 |      29 |       0 |   0.0
        D:8 |    3157 |     179 |   5.4 |      56 |       2 |   3.4
        D:9 |    3823 |     101 |   2.6 |      44 |       7 |  13.7
     Lair:1 |    5183 |       0 |   0.0 |      22 |       0 |   0.0
     Lair:2 |    1152 |     366 |  24.1 |       5 |      11 |  68.8
     Lair:3 |    6425 |    2993 |  31.8 |      23 |       8 |  25.8
     Lair:4 |    8850 |     210 |   2.3 |      23 |       4 |  14.8
     Lair:5 |    4643 |    4332 |  48.3 |      24 |      13 |  35.1
     Lair:6 |    7579 |    9203 |  54.8 |      29 |      24 |  45.3
      Orc:1 |    5625 |      13 |   0.2 |      45 |       5 |  10.0
      Orc:2 |    2583 |    8007 |  75.6 |      17 |      37 |  68.5
     Bailey |       0 |    4720 | 100.0 |       0 |      69 | 100.0
    Volcano |       0 |    3841 | 100.0 |       0 |      16 | 100.0
            +---------+---------+-------+---------+---------+-------
